SL
DETROIT RENAISSANCE @ LAS VEGAS FLAMINGOS
07/24/2025
 
TOP OF THE 1ST
Detroit Renaissance batting - Pitching for Las Vegas Flamingos : RHP Cris Herrera
Pitching: RHP Cris Herrera
Batting: RHB Eric D'Angle 0-0: Called Strike
0-1: Ball
1-1: Called Strike
1-2: Ball
2-2: Foul Ball, location: 2F
2-2: Ball
3-2: Strikes out swinging
Batting: RHB Kyle Bywaters 0-0: Called Strike
0-1: Bunt for hit - play at first, batter safe!
Batting: RHB Dani Trejo 0-0: Called Strike
0-1: Foul Ball, location: 2F
0-2: Ball
1-2: Foul Ball, location: 2F
1-2: Ball
2-2: Foul Ball, location: 2F
2-2: Foul Ball, location: 2F
2-2: Strikes out looking
Batting: LHB Juan González 0-0: Called Strike
0-1: Ball
1-1: Ball
2-1: Ball
3-1: SINGLE (Line Drive, 8RS)
Kyle Bywaters to second
Runner from 2nd tries for 3rd, SAFE, throw made to third
Juan González to second
Batting: LHB Michael Neely 0-0: Ball
1-0: Swinging Strike
1-1: Ball
2-1: Foul Ball, location: 2F
2-2: Ball
3-2: SINGLE (Flyball, 7LS)
Kyle Bywaters scores
Juan González to third
Juan González scores
Batting: LHB Gustavo Cortéz 0-0: 2-RUN HOME RUN (Flyball, 7D), Distance : 398 ft
Batting: LHB Bartolo Benítez 0-0: Ball
1-0: Foul Ball, location: 2F
1-1: Foul Ball, location: 2F
1-2: Reached on error, E5 (Groundball, 56)
Batting: RHB Ulbert Sutkamp 0-0: Ball
1-0: Foul Ball, location: 2F
1-1: Fielders Choice at 2nd, 6-4 (Groundball, 6)
Top of the 1st over - 4 run(s), 4 hit(s), 1 error(s), 0 left on base; Detroit 4 - Las Vegas 0
BOTTOM OF THE 1ST
Las Vegas Flamingos batting - Pitching for Detroit Renaissance : RHP Cris Mendoza
Pitching: RHP Cris Mendoza
Batting: RHB Sake van Arem 0-0: Ball
1-0: Ball
2-0: Ball
3-0: Base on Balls
Batting: SHB Kunimichi Chikafuji 0-0: Swinging Strike
0-1: Ball
1-1: SINGLE (Line Drive, 9S)
Sake van Arem to second
Batting: LHB Victor Adams 0-0: Ball
1-0: Foul Ball, location: 2F
1-1: SINGLE (Groundball, 6D)
Sake van Arem to third
Kunimichi Chikafuji to second
Runner from 3rd tries for Home, SAFE, no throw
Batting: LHB Chris McKinney 0-0: Ball
1-0: Called Strike
1-1: Called Strike
1-2: Strikes out swinging
Batting: RHB Jeff Young 0-0: Ball
1-0: Ball
2-0: Ball
3-0: Called Strike
3-1: Fly out, F9 (Flyball, 9)
Batting: LHB Jake Shelton 0-0: Ball
1-0: Ball
2-0: Ball
3-0: Base on Balls
Kunimichi Chikafuji to third
Victor Adams to second
Batting: RHB Edmund Gallagher 0-0: Ball
1-0: Ball
2-0: Ball
3-0: Called Strike
3-1: Reached on error, E5 (Groundball, 56)
Kunimichi Chikafuji scores
Victor Adams to third
Jake Shelton to second
Batting: LHB Sinclair van Kooten 0-0: Ball
1-0: Ball
2-0: Foul Ball, location: 2F
2-1: Called Strike
2-2: Ball
3-2: Strikes out swinging
Bottom of the 1st over - 2 run(s), 2 hit(s), 1 error(s), 3 left on base; Detroit 4 - Las Vegas 2
TOP OF THE 2ND
Detroit Renaissance batting - Pitching for Las Vegas Flamingos : RHP Cris Herrera
Batting: RHB Bernardo Herrera 0-0: Ball
1-0: Foul Ball, location: 2F
1-1: Ball
2-1: Ground out 6-3 (Groundball, 56)
Batting: RHB Eric D'Angle 0-0: Ball
1-0: SINGLE (Groundball, 56) (infield hit)
Batting: RHB Kyle Bywaters 0-0: Ball
1-0: SINGLE (Line Drive, 9S)
Eric D'Angle to second
Eric D'Angle to third
Batting: RHB Dani Trejo 0-0: Ball
Kyle Bywaters steals 2nd base
1-0: Ball
2-0: Called Strike
2-1: Ball
3-1: Ground out 6-3 (Groundball, 6)
Eric D'Angle scores
Kyle Bywaters to third
Batting: LHB Juan González 0-0: Ball
1-0: Foul Ball, location: 2F
1-1: Ball
2-1: Foul Ball, location: 2F
2-2: Foul Ball, location: 2F
2-2: Strikes out swinging
Top of the 2nd over - 1 run(s), 2 hit(s), 0 error(s), 1 left on base; Detroit 5 - Las Vegas 2
BOTTOM OF THE 2ND
Las Vegas Flamingos batting - Pitching for Detroit Renaissance : RHP Cris Mendoza
Batting: SHB Wilbert Carter 0-0: Foul Ball, location: 2F
0-1: Foul Ball, location: 2F
0-2: Ground out 1-3 (Groundball, 15S)
Batting: RHB Sake van Arem 0-0: Fly out, F4 (Line Drive, 4M)
Batting: SHB Kunimichi Chikafuji 0-0: Ground out U3 (Groundball, 34)
Bottom of the 2nd over - 0 run(s), 0 hit(s), 0 error(s), 0 left on base; Detroit 5 - Las Vegas 2
TOP OF THE 3RD
Detroit Renaissance batting - Pitching for Las Vegas Flamingos : RHP Cris Herrera
Batting: LHB Michael Neely 0-0: Ball
1-0: Fly out, F9 (Flyball, 89S)
Batting: LHB Gustavo Cortéz 0-0: Foul Ball, location: 2F
0-1: Ball
1-1: Swinging Strike
1-2: Foul Ball, location: 2F
1-2: Ball
2-2: Strikes out swinging
Batting: LHB Bartolo Benítez 0-0: Ground out U3 (Groundball, 3S)
Top of the 3rd over - 0 run(s), 0 hit(s), 0 error(s), 0 left on base; Detroit 5 - Las Vegas 2
BOTTOM OF THE 3RD
Las Vegas Flamingos batting - Pitching for Detroit Renaissance : RHP Cris Mendoza
Batting: LHB Victor Adams 0-0: Fly out, F8 (Flyball, 78M)
Batting: LHB Chris McKinney 0-0: Swinging Strike
0-1: SOLO HOME RUN (Flyball, 8RXD), Distance : 453 ft
Batting: RHB Jeff Young 0-0: Ball
1-0: Ball
2-0: Foul Ball, location: 2F
2-1: Fly out, F8 (Flyball, 8RS)
Batting: LHB Jake Shelton 0-0: Ball
1-0: Ball
2-0: Ball
3-0: Base on Balls
Batting: RHB Edmund Gallagher 0-0: Called Strike
0-1: Foul Ball, location: 2F
0-2: SINGLE (Groundball, 56D)
Jake Shelton to second
Batting: LHB Sinclair van Kooten 0-0: Foul Ball, location: 2F
0-1: Foul Ball, location: 2F
0-2: Foul Ball, location: 2F
0-2: Ball
1-2: Foul Ball, location: 2F
1-2: Ball
2-2: Ball
3-2: Base on Balls
Jake Shelton to third
Edmund Gallagher to second
Batting: SHB Wilbert Carter 0-0: Ball
1-0: Called Strike
1-1: Hit by Pitch
Jake Shelton scores
Edmund Gallagher to third
Sinclair van Kooten to second
Batting: RHB Sake van Arem 0-0: Ball
1-0: Ball
2-0: Called Strike
2-1: Fly out, F8 (Flyball, 8LS)
Bottom of the 3rd over - 2 run(s), 2 hit(s), 0 error(s), 3 left on base; Detroit 5 - Las Vegas 4
TOP OF THE 4TH
Detroit Renaissance batting - Pitching for Las Vegas Flamingos : RHP Cris Herrera
Batting: RHB Ulbert Sutkamp 0-0: Foul Ball, location: 2F
0-1: Foul Ball, location: 2F
0-2: Strikes out swinging
Batting: RHB Bernardo Herrera 0-0: Ball
1-0: Called Strike
1-1: Fly out, F8 (Flyball, 89M)
Batting: RHB Eric D'Angle 0-0: Foul Ball, location: 2F
0-1: SINGLE (Groundball, 25) (infield hit)
Batting: RHB Kyle Bywaters 0-0: Ball
1-0: Ball
2-0: Foul Ball, location: 2F
2-1: Called Strike
2-2: Ball
Throwing error on steal attempt, E2
Eric D'Angle to third
3-2: Foul Ball, location: 2F
3-2: Foul Ball, location: 2F
3-2: SINGLE (Line Drive, 56D)
Eric D'Angle scores
Batting: RHB Dani Trejo 0-0: Ball
Kyle Bywaters steals 2nd base
1-0: Ball
2-0: Ball
3-0: Called Strike
3-1: Foul Ball, location: 2F
3-2: SINGLE (Groundball, 56D)
Kyle Bywaters to third
Kyle Bywaters scores
Pitching: RHP Joey McCarthy
Batting: LHB Juan González 0-0: Called Strike
0-1: Ball
1-1: Ball
2-1: Ball
3-1: Swinging Strike
3-2: Strikes out swinging
Top of the 4th over - 2 run(s), 3 hit(s), 1 error(s), 1 left on base; Detroit 7 - Las Vegas 4
BOTTOM OF THE 4TH
Las Vegas Flamingos batting - Pitching for Detroit Renaissance : RHP Cris Mendoza
Batting: SHB Kunimichi Chikafuji 0-0: Swinging Strike
0-1: Foul Ball, location: 2F
0-2: Ball
1-2: Ball
2-2: Strikes out swinging
Batting: LHB Victor Adams 0-0: Fly out, F7 (Line Drive, 7)
Batting: LHB Chris McKinney 0-0: Ball
1-0: Ball
2-0: Called Strike
2-1: SINGLE (Groundball, 34D)
Batting: RHB Jeff Young 0-0: Ball
1-0: Fielders Choice at 2nd, 5-4 (Groundball, 5)
Bottom of the 4th over - 0 run(s), 1 hit(s), 0 error(s), 0 left on base; Detroit 7 - Las Vegas 4
TOP OF THE 5TH
Detroit Renaissance batting - Pitching for Las Vegas Flamingos : RHP Joey McCarthy
Batting: LHB Michael Neely 0-0: Ball
1-0: Ball
2-0: Ball
3-0: Base on Balls
Batting: LHB Gustavo Cortéz 0-0: Sac Bunt - play at first, batter OUT! 1-3
Michael Neely to second
Batting: LHB Bartolo Benítez 0-0: Foul Ball, location: 2F
0-1: Foul Ball, location: 2F
0-2: Ball
1-2: Foul Ball, location: 2F
1-2: Ball
2-2: Fly out, F9 (Flyball, 89M)
Lined into DP, 9-6 (Flyball, 89M)
Top of the 5th over - 0 run(s), 0 hit(s), 0 error(s), 0 left on base; Detroit 7 - Las Vegas 4
BOTTOM OF THE 5TH
Las Vegas Flamingos batting - Pitching for Detroit Renaissance : RHP Cris Mendoza
Batting: LHB Jake Shelton 0-0: Foul Ball, location: 2F
0-1: Foul Ball, location: 2F
0-2: Strikes out swinging
Batting: RHB Edmund Gallagher 0-0: Called Strike
0-1: Ground out 5-3 (Groundball, 56S)
Batting: LHB Sinclair van Kooten 0-0: Ball
1-0: Ball
2-0: Called Strike
2-1: SINGLE (Line Drive, 7S)
Batting: SHB Wilbert Carter 0-0: Swinging Strike
0-1: Swinging Strike
0-2: Ball
Sinclair van Kooten steals 2nd base
Pickoff Throw to Second - Out!
Bottom of the 5th over - 0 run(s), 1 hit(s), 0 error(s), 0 left on base; Detroit 7 - Las Vegas 4
TOP OF THE 6TH
Detroit Renaissance batting - Pitching for Las Vegas Flamingos : RHP Joey McCarthy
Batting: RHB Ulbert Sutkamp 0-0: Ball
1-0: Ball
2-0: Fly out, F8 (Flyball, 8LM)
Batting: RHB Bernardo Herrera 0-0: Called Strike
0-1: Ground out 5-3 (Groundball, 56)
Batting: RHB Eric D'Angle 0-0: Swinging Strike
0-1: Swinging Strike
0-2: Ball
1-2: Strikes out looking
Top of the 6th over - 0 run(s), 0 hit(s), 0 error(s), 0 left on base; Detroit 7 - Las Vegas 4
BOTTOM OF THE 6TH
Las Vegas Flamingos batting - Pitching for Detroit Renaissance : RHP Cris Mendoza
Batting: SHB Wilbert Carter 0-0: DOUBLE (Line Drive, 9LS)
Batting: RHB Sake van Arem 0-0: Ball
1-0: Ball
2-0: Swinging Strike
2-1: SINGLE (Groundball, 4D)
Wilbert Carter to third
Runner from 3rd tries for Home, SAFE, no throw
Batting: SHB Kunimichi Chikafuji 0-0: Ball
1-0: Called Strike
1-1: Swinging Strike
1-2: Strikes out swinging
Batting: LHB Victor Adams 0-0: Ball
1-0: Ball
Sake van Arem steals 2nd base
2-0: Foul Ball, location: 2F
2-1: SINGLE (Groundball, 34D)
Sake van Arem to third
Runner from 3rd tries for Home, SAFE, no throw
Pitching: LHP Hwen-thiang Qin
Batting: LHB Chris McKinney 0-0: Ball
1-0: Ball
2-0: Foul Ball, location: 2F
2-1: Ball
3-1: Base on Balls
Victor Adams to second
Batting: RHB Jeff Young 0-0: Swinging Strike
0-1: Ball
1-1: Foul Ball, location: 2F
1-2: Strikes out swinging
Batting: LHB Jake Shelton 0-0: Called Strike
0-1: Swinging Strike
0-2: Ball
1-2: Strikes out swinging
Bottom of the 6th over - 2 run(s), 3 hit(s), 0 error(s), 2 left on base; Detroit 7 - Las Vegas 6
TOP OF THE 7TH
Detroit Renaissance batting - Pitching for Las Vegas Flamingos : RHP Joey McCarthy
Batting: RHB Kyle Bywaters 0-0: Called Strike
0-1: SINGLE (Line Drive, 4MD)
Pinch Hitting: LHB Tim Waters 0-0: Ball
Kyle Bywaters steals 2nd base
1-0: Called Strike
1-1: Ball
2-1: Ball
3-1: Base on Balls
Batting: LHB Juan González 0-0: Foul Ball, location: 2F
0-1: Ball
1-1: Ball
2-1: Foul Ball, location: 2F
2-2: Fly out, F8 (Flyball, 8LS)
Batting: LHB Michael Neely 0-0: Called Strike
0-1: Ball
1-1: Ball
Kyle Bywaters steals 3rd base
Tim Waters to second
2-1: Ball
3-1: Called Strike
3-2: Base on Balls
Batting: LHB Gustavo Cortéz 0-0: Ball
1-0: Ball
2-0: Called Strike
2-1: Swinging Strike
2-2: Strikes out swinging
Batting: LHB Bartolo Benítez 0-0: SINGLE (Groundball, 56D)
Kyle Bywaters scores
Tim Waters to third
Michael Neely to second
Runner from 3rd tries for Home, SAFE, throw made at trailing runner, OUT at third!
Top of the 7th over - 2 run(s), 2 hit(s), 0 error(s), 1 left on base; Detroit 9 - Las Vegas 6
BOTTOM OF THE 7TH
Las Vegas Flamingos batting - Pitching for Detroit Renaissance : LHP Hwen-thiang Qin
Now in RF: Tim Waters
Batting: RHB Edmund Gallagher 0-0: Ball
1-0: Ball
2-0: Ball
3-0: Base on Balls
Batting: LHB Sinclair van Kooten 0-0: Called Strike
0-1: Called Strike
0-2: Strikes out swinging
Batting: SHB Wilbert Carter 0-0: Called Strike
0-1: Swinging Strike
0-2: Strikes out looking
Batting: RHB Sake van Arem 0-0: Ball
1-0: Ball
2-0: Fielders Choice at 2nd, 6-4 (Groundball, 6)
Bottom of the 7th over - 0 run(s), 0 hit(s), 0 error(s), 0 left on base; Detroit 9 - Las Vegas 6
TOP OF THE 8TH
Detroit Renaissance batting - Pitching for Las Vegas Flamingos : RHP Joey McCarthy
Pitching: RHP Seung-yeop Kim
Batting: RHB Ulbert Sutkamp 0-0: Fly out, F8 (Flyball, 8RM)
Batting: RHB Bernardo Herrera 0-0: Called Strike
0-1: Ball
1-1: Ball
2-1: DOUBLE (Line Drive, 78D)
Batting: RHB Eric D'Angle 0-0: Foul Ball, location: 2F
0-1: Ball
Wild Pitch!
Bernardo Herrera to third
1-1: Ball
2-1: Ground out U3 (Groundball, 34)
Batting: RHB Kyle Bywaters 0-0: Ball
1-0: TRIPLE (Line Drive, 89D)
Bernardo Herrera scores
Batting: LHB Tim Waters 0-0: Swinging Strike
0-1: Foul Ball, location: 2F
0-2: Ball
1-2: Strikes out swinging
Top of the 8th over - 1 run(s), 2 hit(s), 0 error(s), 1 left on base; Detroit 10 - Las Vegas 6
BOTTOM OF THE 8TH
Las Vegas Flamingos batting - Pitching for Detroit Renaissance : LHP Hwen-thiang Qin
Batting: SHB Kunimichi Chikafuji 0-0: Ball
1-0: Ball
2-0: SINGLE (Line Drive, 6)
Batting: LHB Victor Adams 0-0: Grounds into double play, 4-6-3 (Groundball, 4)
Batting: LHB Chris McKinney 0-0: SINGLE (Flyball, 78S) - OUT at second base trying to stretch hit.
Bottom of the 8th over - 0 run(s), 2 hit(s), 0 error(s), 0 left on base; Detroit 10 - Las Vegas 6
TOP OF THE 9TH
Detroit Renaissance batting - Pitching for Las Vegas Flamingos : RHP Seung-yeop Kim
Pitching: RHP Enrique García
Batting: LHB Juan González 0-0: Ball
1-0: Ball
2-0: Foul Ball, location: 2F
2-1: Ball
3-1: TRIPLE (Flyball, 9D)
Batting: LHB Michael Neely 0-0: Foul Ball, location: 2F
0-1: Called Strike
0-2: Ball
1-2: Ball
2-2: Foul Ball, location: 2F
2-2: Ball
3-2: SINGLE (Line Drive, 89S)
Juan González scores
Batting: LHB Gustavo Cortéz 0-0: Ball
1-0: Ball
2-0: Fly out, F4 (Popup, 4D)
Batting: LHB Bartolo Benítez 0-0: Ball
1-0: Ball
2-0: Ball
3-0: Called Strike
3-1: Base on Balls
Michael Neely to second
Batting: RHB Ulbert Sutkamp 0-0: SINGLE (Groundball, 6MD)
Michael Neely to third
Bartolo Benítez to second
Batting: RHB Bernardo Herrera 0-0: Ball
1-0: TRIPLE (Flyball, 8LS)
Michael Neely scores
Bartolo Benítez scores
Ulbert Sutkamp scores
Pitching: RHP Jim Washington
Batting: RHB Eric D'Angle 0-0: Called Strike
0-1: Fly out, F7 (Flyball, 78M)
Runner from 3rd tags up, SCORES, no throw
Batting: RHB Kyle Bywaters 0-0: Called Strike
0-1: SINGLE (Line Drive, 8LS)
Batting: LHB Tim Waters 0-0: Called Strike
0-1: Foul Ball, location: 2F
0-2: Ball
Kyle Bywaters steals 2nd base
1-2: Strikes out swinging
Top of the 9th over - 5 run(s), 5 hit(s), 0 error(s), 1 left on base; Detroit 15 - Las Vegas 6
BOTTOM OF THE 9TH
Las Vegas Flamingos batting - Pitching for Detroit Renaissance : LHP Hwen-thiang Qin
Batting: RHB Jeff Young 0-0: Called Strike
0-1: SOLO HOME RUN (Line Drive, 7D), Distance : 408 ft
Batting: LHB Jake Shelton 0-0: Fly out, F7 (Flyball, 78D)
Batting: RHB Edmund Gallagher 0-0: Ball
1-0: Ground out 6-3 (Groundball, 6)
Batting: LHB Sinclair van Kooten 0-0: SINGLE (Groundball, 56D)
Batting: SHB Wilbert Carter 0-0: Ball
1-0: Foul Ball, location: 2F
1-1: Called Strike
1-2: Strikes out swinging
Bottom of the 9th over - 1 run(s), 2 hit(s), 0 error(s), 1 left on base; Detroit 15 - Las Vegas 7
Friday, December 30th, 2016 - OOTP Baseball 17.12 Build 75